 Dungeon Crawl Stone Soup version 0.24.1-14-gf8d2b509d9 (webtiles) character file.

Game seed: 18325089533762890236, levelgen mode: deterministic

126 KlarStein the Skirmisher (level 4, -1/35 HPs)
             Began as a Demonspawn Fighter on Nov 15, 2020.
             Was an Initiate of Okawaru.
             Succumbed to a worker ant's poison
             ... on level 3 of the Dungeon.
             The game lasted 00:09:12 (2142 turns).

KlarStein the Skirmisher (Demonspawn Fighter)       Turns: 2142, Time: 00:09:13

Health: -1/35      AC:  6    Str: 17    XL:     4   Next: 83%
Magic:  5/5        EV:  7    Int:  9    God:    Okawaru [......]
Gold:   127        SH: 13    Dex: 13    Spells: 3/3 levels left

rFire    . . .     SeeInvis .   a - +0 long sword
rCold    . . .     Gourm    .   c - +0 shield
rNeg     . . .     Faith    .   b - +0 scale mail
rPois    .         Spirit   .   (helmet restricted)
rElec    .         Reflect  .   (no cloak)
rCorr    .         Harm     .   (no gloves)
MR       .....                  (no boots)
Stlth    ..........             (no amulet)
HPRegen  0.11/turn              (no ring)
MPRegen  0.09/turn              (no ring)

@: lethally poisoned (-1 -> -14)
A: antennae 2, large bone plates 1
a: Renounce Religion


You were on level 3 of the Dungeon.
You worshipped Okawaru.
Okawaru was noncommittal.
You were hungry.

You visited 1 branch of the dungeon, and saw 3 of its levels.

You collected 127 gold pieces.

Inventory:

Hand Weapons
 a - a +0 long sword (weapon)
Armour
 b - a +0 scale mail (worn)
 c - a +0 shield (worn)
Jewellery
 g - an uncursed amulet of faith {unknown}
Scrolls
 e - 3 scrolls of amnesia {unknown}
 j - 5 scrolls of teleportation {unknown}
 k - a scroll of identify {unknown}
Potions
 d - 2 potions of might
 h - a potion of agility {unknown}
 i - a potion of lignification {unknown}
 l - a potion of cancellation {unknown}
Comestibles
 f - 2 rations
 m - a chunk of flesh


   Skills:
 + Level 3.5 Fighting
 * Level 3.1 Long Blades
 + Level 3.3 Armour
 + Level 3.2 Shields
 + Level 1.4 Invocations


You had 3 spell levels left.
You didn't know any spells.
Your spell library contained the following spells:

 Spells                   Type           Power        Failure   Level  Hunger
 Beastly Appendage        Tmut           #.....       99%         1    ##.....
 Sticks to Snakes         Tmut           #.......     100%        2    ###....
 Spider Form              Tmut/Pois      #.........   100%        3    ####...
 Ice Form                 Ice/Tmut       #.......     100%        4    #####..
 Blade Hands              Tmut           #.........   100%        5    ######.


Dungeon Overview and Level Annotations

Branches:
Dungeon (3/15)

Altars:
Okawaru

Annotations:
D:3 Jessica, Robin


Innate Abilities, Weirdness & Mutations

You have a pair of antennae on your head.
You are partially covered in large bone plates. (SH +4)


Message History

You hit the worker ant but do no damage.
The worker ant is heavily wounded.
* * * LOW HITPOINT WARNING * * *
You feel sick. You block the worker ant's attack. The worker ant bites you.
* * * LOW HITPOINT WARNING * * *
You are more poisoned.
The worker ant poisons you!
You hit the worker ant.
The worker ant is heavily wounded.
* * * LOW HITPOINT WARNING * * *
You feel sick. You block the worker ant's attack.
You are feeling hungry.
You barely miss the worker ant.
The worker ant is heavily wounded.
* * * LOW HITPOINT WARNING * * *
You feel sick. You block the worker ant's attack. The worker ant bites you.
* * * LOW HITPOINT WARNING * * *
You closely miss the worker ant.
The worker ant is heavily wounded.
You die...

#.#.#.#.# ## #.....#.#
#..<..#.# #.....#.#
#.....#.# .. #.....#.#
... ##...##.# {
...####.(.##.#######.#
..............@aw.....
..............####♣...
.......÷......#
......).......#
...#......##.##
...#.........# ..
#.........#
#.........#
#........##


You could see a worm and a worker ant.

Vanquished Creatures
  A worker ant (D:2)
  5 adders
  An ooze (D:1)
  2 dart slugs (D:2)
  A ball python (D:1)
  12 bats
  A giant cockroach (D:1)
  11 goblins
  2 hobgoblins (D:2)
  A quokka (D:2)
  5 frilled lizards
  2 kobolds (D:1)
  8 rats
52 creatures vanquished.

Notes
Turn   | Place    | Note
-------+----------+-------------------------------------------
     0 | D:1      | KlarStein the Demonspawn Fighter began the quest for the
                  | Orb.
     0 | D:1      | Reached XP level 1. HP: 18/18 MP: 1/1
   128 | D:1      | Gained mutation: You are partially covered in large bone
                  | plates. (SH +4) [demonic ancestry]
   128 | D:1      | Reached XP level 2. HP: 21/24 MP: 2/2
   491 | D:1      | Gained mutation: You have a pair of small antennae on your
                  | head. [demonic ancestry]
   491 | D:1      | Reached XP level 3. HP: 29/29 MP: 3/3
   673 | D:2      | Found an iron altar of Okawaru.
   697 | D:2      | Became a worshipper of Warmaster Okawaru
  1194 | D:2      | Reached skill level 1 in Invocations
  1194 | D:2      | Gained mutation: You have a pair of antennae on your head.
                  | [demonic ancestry]
  1194 | D:2      | Reached XP level 4. HP: 22/35 MP: 4/4
  1751 | D:3      | Noticed Jessica
  2006 | D:3      | Noticed Robin
  2141 | D:3      | HP: 1/35 [worker ant (3)]
  2142 | D:3      | Succumbed to a worker ant's poison

Levels and vault maps discovered:
D:1:      dpeg_chamrin_arrival_tetris, layout_basic, minmay_misc_feat_pillars
D:2:      layout_rooms, lemuel_tele_altar
D:3:      layout_basic, fedhas_altar_4, uniq_jessica, uniq_robin, uniq_ijyb

Skill      XL: |  1  2  3  4 |
---------------+-------------+-----
Long Blades    | 2 3 |  3.1
Armour         | 3 |  3.3
Shields        | 3 |  3.2
Invocations    | 1 |  1.4
Fighting       | |  3.5

Action                   |  1- 3 |  4- 6 || total
-------------------------+-------+-------++-------
Melee: Long sword        |   143 |    90 ||   233
  Eat: Chunk             |     1 |     3 ||     4
Armor: Scale mail        |    49 |    38 ||    87
Dodge: Dodged            |    28 |    20 ||    48
Block: Shield            |   100 |    80 ||   180
       Rpst.: Long sword |     8 |     4 ||    12
